 Dungeon Crawl Stone Soup version 0.28.0 (webtiles) character file.

Game seed: 10293421518804699504

23 Orthodox the Skirmisher (level 2, 0/24 HPs)
             Began as a Demonspawn Fighter on Feb 9, 2022.
             Slain by an adder (3 damage)
             ... on level 2 of the Dungeon.
             The game lasted 00:01:11 (777 turns).

Orthodox the Skirmisher (Demonspawn Fighter)         Turns: 777, Time: 00:01:12

Health: 0/24       AC:  8    Str: 16    XL:     2   Next: 75%
Magic:  2/2        EV:  8    Int:  9    God:
Gold:   13         SH:  4    Dex: 12    Spells: 1/1 levels left

rFire   + . .      SeeInvis .   a - +0 flail
rCold   + . .      Faith    .   c - +0 buckler
rNeg    . . .      Spirit   .   b - +0 scale mail
rPois   +          Reflect  .   (no helmet)
rElec   +          Harm     .   (no cloak)
rCorr   +          Rampage  .   (no gloves)
Will    .....                   (no boots)
Stlth   ..........              (no amulet)
HPRegen 0.08/turn               (no ring)
MPRegen 0.08/turn               (no ring)

@: lethally poisoned (0 -> -6), resistant
A: molten scales 1
a: no special abilities


You were on level 2 of the Dungeon.
You visited 1 branch of the dungeon, and saw 2 of its levels.

You collected 13 gold pieces.

Inventory:

Hand Weapons
 a - a +0 flail (weapon)
Armour
 b - a +0 scale mail (worn)
 c - a +0 buckler (worn)
Scrolls
 f - a scroll of blinking {unknown}
 g - a scroll of vulnerability {unknown}
 h - a scroll of enchant armour {unknown}
Potions
 d - a potion of might
 i - a potion of curing {unknown}


   Skills:
 + Level 3.5 Fighting
 + Level 2.4 Maces & Flails
 - Level 2.6 Armour
 - Level 2.6 Shields


You had one spell level left.
You didn't know any spells.
Your spell library was empty.

Dungeon Overview and Level Annotations

Branches:
Dungeon (2/15)

Altars:

Shops:
D:1 [


Innate Abilities, Weirdness & Mutations

You are partially covered in molten scales. (AC +2)


Message History

The adder is lightly wounded.
You block the adder's attack. The adder barely misses you.
You hit the adder but do no damage. The adder bites you but does no damage.
You closely miss the adder. The adder bites you.
You are poisoned.
The adder poisons you! You block the adder's attack.
You closely miss the adder.
You feel very sick. The adder barely misses you. The adder closely misses you.
You miss the adder.
You feel sick. The adder closely misses you. You block the adder's attack.
You hit the adder.
The adder is heavily wounded.
You feel sick.
The adder bites you but does no damage. x2
You barely miss the adder.
The adder is heavily wounded.
You feel sick. The adder bites you but does no damage.
You closely miss the adder.
The adder is heavily wounded.
You feel sick.
You are no longer poisoned.
The adder bites you.
You are poisoned.
The adder poisons you! The adder bites you but does no damage.
You closely miss the adder.
The adder is heavily wounded.
You feel very sick. The adder bites you.
* * * LOW HITPOINT WARNING * * *
You are lethally poisoned!
The adder poisons you! The adder bites you but does no damage.
You barely miss the adder.
The adder is heavily wounded.
* * * LOW HITPOINT WARNING * * *
You feel sick. The adder closely misses you.
It was a potion of resistance.
You feel protected.
* * * LOW HITPOINT WARNING * * *
You feel sick. You block the adder's attack. The adder bites you.
You die...

# ##.#
###...#
##...#
#.@#
#S#.......
...
.......
##..
######.
..# .## ..
##


You could see an adder.

Vanquished Creatures
  2 dart slugs (D:1)
  2 ball pythons (D:1)
  3 goblins (D:1)
  2 hobgoblins (D:1)
  A kobold (D:1)
  3 quokkas (D:1)
  3 bats (D:1)
  A frilled lizard (D:1)
17 creatures vanquished.

Notes
Turn   | Place    | Note
-------+----------+-------------------------------------------
     0 | D:1      | Orthodox the Demonspawn Fighter began the quest for the
                  | Orb.
     0 | D:1      | Reached XP level 1. HP: 18/18 MP: 1/1
   281 | D:1      | Gained mutation: You are partially covered in molten
                  | scales. (AC +2) [demonic ancestry]
   281 | D:1      | Reached XP level 2. HP: 24/24 MP: 2/2
   338 | D:1      | Found Suogea's Antique Armour Shop.
   777 | D:2      | Slain by an adder

Illustrated notes

Levels and vault maps discovered:
D:1:      elethiomel_arrival_maze, layout_rooms, serial_shops,
          nicolae_diamond_shop
D:2:      layout_rooms, serial_shops, nicolae_shop_statue_plus

Skill      XL: |  1 |
---------------+----+-----
Maces & Flails | 2 |  2.4
Fighting       | |  3.5
Armour         | |  2.6
Shields        | |  2.6

Action                   || total
-------------------------++-------
Melee: Flail             ||    66
  Use: Potion            ||     1
Armor: Scale mail        ||    43
Dodge: Dodged            ||    31
Block: Buckler           ||    26
